 Dungeon Sprint DCSS version 0.22-a0-553-g9358b0b (webtiles) character file.

7 George the Charmwright (level 2, 0/26 HPs)
             Began as a Gnoll Skald on June 25, 2018.
             Slain by a centaur (6 damage)
             ... in the Dungeon (Sprint IX: "|||||||||||||||||||||||||||||").
             The game lasted 00:00:13 (36 turns).

George the Charmwright (Gnoll Skald)                  Turns: 36, Time: 00:00:14

Health: 0/26       AC:  3    Str: 13    XL:     2   Next: 0%
Magic:  4/8        EV: 14    Int: 15    God:
Gold:   0          SH:  0    Dex: 14    Spells: 10/11 levels left

rFire    . . .     SeeInvis .   a - +0 falchion
rCold    . . .     Gourm    .   (no shield)
rNeg     . . .     Faith    .   b - +0 leather armour
rPois    .         Spirit   .   (no helmet)
rElec    .         Reflect  .   (no cloak)
rCorr    .         Harm     .   (no gloves)
MR       .....     NoTele   +   (no boots)
Stlth    +.........             (no amulet)
HPRegen  0.08/turn              (no ring)
MPRegen  0.11/turn              (no ring)

@: infused
A: distributed training, fangs 1, strong nose
a: no special abilities


You were in the Dungeon.
You were not hungry.

You visited 1 branch

Inventory:

Hand Weapons
 a - a +0 falchion (weapon)
Armour
 b - a +0 leather armour (worn)
Scrolls
 j - a scroll of blinking
Potions
 e - a potion of curing
 f - a potion of heal wounds
 g - a potion of haste
 h - 2 potions of magic
 i - a potion of berserk rage
Comestibles
 d - a ration


   Skills:
 + Level 4.6 Fighting
 + Level 1.0 Short Blades
 + Level 4.6 Long Blades
 + Level 1.0 Axes
 + Level 1.0 Maces & Flails
 + Level 1.0 Polearms
 + Level 1.0 Staves
 + Level 1.0 Slings
 + Level 1.0 Bows
 + Level 1.0 Crossbows
 + Level 1.0 Throwing
 + Level 2.7 Armour
 + Level 4.6 Dodging
 + Level 1.0 Stealth
 + Level 1.0 Shields
 + Level 1.0 Unarmed Combat
 + Level 5.0 Spellcasting
 + Level 0.7 Conjurations
 + Level 0.7 Hexes
 + Level 5.4 Charms
 + Level 0.7 Summonings
 + Level 0.7 Necromancy
 + Level 0.7 Translocations
 + Level 0.7 Transmutations
 + Level 0.7 Fire Magic
 + Level 0.7 Ice Magic
 + Level 0.7 Air Magic
 + Level 0.7 Earth Magic
 + Level 0.7 Poison Magic
 + Level 1.1 Invocations
 + Level 1.0 Evocations


You had 10 spell levels left.
You knew the following spells:

 Your Spells              Type           Power        Failure   Level  Hunger
a - Infusion              Chrm           ###.         2%          1    None

Your spell library contained the following spells:

 Spells                   Type           Power        Failure   Level  Hunger
 Regeneration             Chrm/Necr      ##........   17%         3    ###....
 Shroud of Golubria       Chrm/Tloc      ##........   9%          2    ##.....
 Song of Slaying          Chrm           ###.....     3%          2    ##.....
 Spectral Weapon          Hex/Chrm       ##......     17%         3    ###....


Dungeon Overview and Level Annotations

Branches:
Dungeon (1/1)

Altars:


Innate Abilities, Weirdness & Mutations

Your experience applies equally to all skills.
You have very sharp teeth.
Your uncanny sense of smell can sniff out nearby items.


Message History

The centaur hits you.
You barely miss the centaur. You bite the centaur, but do no damage.
The centaur hits you.
You barely miss the centaur. The centaur hits you. x2
You barely miss the centaur. The centaur barely misses you. x2
You barely miss the centaur. The centaur closely misses you.
You hit the centaur.
The centaur is lightly wounded.
The centaur closely misses you.
You riposte.
You barely miss the centaur.
The centaur is lightly wounded.
The centaur closely misses you.
You riposte.
You hit the centaur.
The centaur is lightly wounded.
You hit the centaur. You bite the centaur, but do no damage.
The centaur is moderately wounded.
The centaur hits you.
* * * LOW HITPOINT WARNING * * *
You hit the centaur.
The centaur is heavily wounded.
The centaur hits you.
You die...

∆∆∆∆∆∆∆∆∆∆
▓▓▓▓▓▓▓▓▓▓▓▓▓▓▓▓▓▓
+5Scsc@.....(...<▓
▓▓▓▓▓▓▓▓▓▓▓▓▓▓▓▓▓▓


You could see 2 centaurs, an adder, a shadow imp and a giant cockroach.

Vanquished Creatures
  A giant cockroach (D)
  2 goblins (D)
  A hobgoblin (D)
  A jackal (D)
5 creatures vanquished.

Notes
Turn   | Place    | Note
-------+----------+-------------------------------------------
     0 | D        | George the Gnoll Skald began the quest for the Orb.
     0 | D        | Reached XP level 1. HP: 20/20 MP: 6/6
    11 | D        | Reached skill level 5 in Spellcasting
    16 | D        | Reached skill level 1 in Invocations
    19 | D        | Reached skill level 1 in Short Blades
    19 | D        | Reached skill level 1 in Axes
    19 | D        | Reached skill level 1 in Maces & Flails
    19 | D        | Reached skill level 1 in Polearms
    19 | D        | Reached skill level 1 in Staves
    19 | D        | Reached skill level 1 in Slings
    19 | D        | Reached skill level 1 in Bows
    19 | D        | Reached skill level 1 in Crossbows
    19 | D        | Reached skill level 1 in Throwing
    19 | D        | Reached skill level 1 in Stealth
    19 | D        | Reached skill level 1 in Shields
    19 | D        | Reached skill level 1 in Unarmed Combat
    19 | D        | Reached skill level 1 in Evocations
    19 | D        | Reached XP level 2. HP: 26/26 MP: 8/8
    27 | D        | Noticed a centaur
    27 | D        | Noticed a centaur
    36 | D        | Slain by a centaur

Vault maps used:
D:        linesprint

Skill      XL: |  1 |
---------------+----+-----
Spellcasting   | 5 |  5.0
Invocations    | 1 |  1.1
Short Blades   | 1 |  1.0
Axes           | 1 |  1.0
Maces & Flails | 1 |  1.0
Polearms       | 1 |  1.0
Staves         | 1 |  1.0
Slings         | 1 |  1.0
Bows           | 1 |  1.0
Crossbows      | 1 |  1.0
Throwing       | 1 |  1.0
Stealth        | 1 |  1.0
Shields        | 1 |  1.0
Unarmed Combat | 1 |  1.0
Evocations     | 1 |  1.0
Fighting       | |  4.6
Long Blades    | |  4.6
Armour         | |  2.7
Dodging        | |  4.6
Conjurations   | |  0.7
Hexes          | |  0.7
Charms         | |  5.4
Summonings     | |  0.7
Necromancy     | |  0.7
Translocations | |  0.7
Transmutations | |  0.7
Fire Magic     | |  0.7
Ice Magic      | |  0.7
Air Magic      | |  0.7
Earth Magic    | |  0.7
Poison Magic   | |  0.7

Action                   || total
-------------------------++-------
Melee: Falchion          ||    22
       Bite              ||     5
 Cast: Infusion          ||     1
Armor: Leather armour    ||     5
Dodge: Dodged            ||    17
       Rpst.: Falchion   ||     5

Table legend:
 A = Spawn XP
 B = Non-spawn XP
 C = Spawn XP percentage of total XP
 D = Spawn monster count
 E = Non-spawn monster count
 F = Spawn count percentage of total count
 G = Total turns spent on level
                    A         B        C        D         E        F      G
               +---------+---------+-------+---------+---------+-------+---------
         Total |       0 |      10 |   0.0 |       0 |       5 |   0.0 |    36
               +---------+---------+-------+---------+---------+-------+---------
             D |       0 |      10 |   0.0 |       0 |       5 |   0.0 |    36
               +---------+---------+-------+---------+---------+-------+---------
